 Dungeon Crawl Stone Soup version 0.23.2-1-ga50397a (webtiles) character file.

Game seed: 12192873972708031308

91 dvd the Magician (level 4, -4/24 HPs)
             Began as a Deep Elf Venom Mage on May 1, 2019.
             Killed by divine providence
             ... invoked by an orc priest
              (14 damage)
             ... on level 3 of the Dungeon.
             The game lasted 00:04:28 (2052 turns).

dvd the Magician (Deep Elf Venom Mage)              Turns: 2052, Time: 00:04:29

Health: -4/24      AC:  3    Str:  5    XL:     4   Next: 33%
Magic:  1/12       EV: 13    Int: 21    God:
Gold:   101        SH:  0    Dex: 15    Spells: 2/12 levels left

rFire    . . .     SeeInvis .   o - -1 short sword (curse)
rCold    . . .     Gourm    .   (no shield)
rNeg     . . .     Faith    .   a - +0 robe
rPois    .         Spirit   .   (no helmet)
rElec    .         Reflect  .   (no cloak)
rCorr    .         Harm     .   (no gloves)
MR       .....                  h - +0 pair of boots
Stlth    ++........             (no amulet)
HPRegen  0.08/turn              (no ring)
MPRegen  0.13/turn              (no ring)

@: very slightly contaminated
A: no striking features
a: no special abilities


You were on level 3 of the Dungeon.
You were hungry.

You visited 1 branch of the dungeon, and saw 3 of its levels.

You collected 101 gold pieces.

Inventory:

Hand Weapons
 o - a cursed -1 short sword (weapon)
Armour
 a - a +0 robe (worn)
 h - a +0 pair of boots (worn)
Scrolls
 b - 3 scrolls of fear {unknown}
 d - a scroll of remove curse {unknown}
 e - 3 scrolls of identify {unknown}
 i - a scroll of amnesia {unknown}
 k - a scroll of noise {unknown}
Potions
 g - 2 potions of magic {unknown}
 j - a potion of agility {unknown}
 l - a potion of degeneration {unknown}
 m - a potion of heal wounds {unknown}
 n - a potion of lignification {unknown}
 p - 2 potions of flight {unknown}
 q - 2 potions of curing {unknown}
Comestibles
 c - 9 rations
 f - 4 chunks of flesh


   Skills:
 + Level 2.6 Dodging
 + Level 2.5 Stealth
 + Level 4.5 Spellcasting
 + Level 1.1 Conjurations
 + Level 1.5 Air Magic
 + Level 4.3 Poison Magic


You had 2 spell levels left.
You knew the following spells:

 Your Spells              Type           Power        Failure   Level  Hunger
a - Sting                 Conj/Pois      ###.         3%          1    None
b - Poisonous Vapours     Pois/Air       ###...       5%          2    #......
c - Mephitic Cloud        Conj/Pois/Air  ##......     13%         3    ##.....
d - Olgreb's Toxic Radia  Pois           ###.....     19%         4    ####...

Your spell library contained the following spells:

 Spells                   Type           Power        Failure   Level  Hunger
 Venom Bolt               Conj/Pois      ###.......   71%         5    ######.


Dungeon Overview and Level Annotations

Branches:
Dungeon (3/15)

Altars:
Kikubaaqudgha
Wu Jian
Zin


Message History

An orc priest comes into view. It is wielding a +0 flail.
You kill the orc!
You feel a bit more experienced. x2
You kill the orc!
You feel a bit more experienced.
Casting: Olgreb's Toxic Radiance (slightly dangerous; 19% risk of failure)
Confirm with . or Enter, or press ? or * to list all spells.
Aiming: Poisonous Vapours (safe; 5% risk of failure)
Press: ? - help, Dir - move target cursor, f - orc priest
Aim: an orc priest, wielding a +0 flail and wearing a +0 chain mail Poisonous vapours surround the orc priest!
The orc priest is engulfed in poison gas.
The orc priest is poisoned.
The orc priest calls down the wrath of Beogh upon you.
Beogh smites you!
Ouch! That really hurt!
The orc priest invokes the aid of Beogh against you.
Beogh smites you!
Ouch! That really hurt!
You die...

### #.# #.# #####.### #.÷...#..
#.###.#.# #.# #.#.#
####################.###.#.######
.......÷........@.....oS.........
###################..###.#)######
#..# #.#.# #..# #.#o# #..# ..#.#
#..# ###o# #..#


#So #..# #$s #..# #.. You could see an orc priest and an adder.

Vanquished Creatures
  4 adders
  A worm (D:2)
  2 dart slugs (D:1)
  4 leopard geckos
  4 orcs (D:3)
  7 bats
  A giant cockroach (D:3)
  2 goblins (D:1)
  3 hobgoblins
  2 jackals (D:1)
  2 ball pythons (D:1)
  A kobold (D:1)
  7 rats
40 creatures vanquished.

Notes
Turn   | Place    | Note
-------+----------+-------------------------------------------
     0 | D:1      | dvd the Deep Elf Venom Mage began the quest for the Orb.
     0 | D:1      | Reached XP level 1. HP: 10/10 MP: 6/6
   325 | D:1      | Reached XP level 2. HP: 15/15 MP: 5/8
   329 | D:1      | Learned a level 2 spell: Poisonous Vapours
  1175 | D:2      | Found an ancient bone altar of Kikubaaqudgha.
  1194 | D:2      | Reached XP level 3. HP: 17/19 MP: 1/10
  1220 | D:2      | Learned a level 3 spell: Mephitic Cloud
  1317 | D:2      | Reached skill level 1 in Air Magic
  1657 | D:2      | Found an ornate altar of the Wu Jian Council.
  1659 | D:2      | Found a glowing silver altar of Zin.
  1916 | D:3      | Reached XP level 4. HP: 24/24 MP: 6/12
  1968 | D:3      | Learned a level 4 spell: Olgreb's Toxic Radiance
  2052 | D:3      | Killed from afar by an orc priest

Skill      XL: |  1  2  3 |
---------------+----------+-----
Poison Magic   | 4 |  4.3
Air Magic      | 1 |  1.5
Spellcasting   | 4 |  4.5
Dodging        | |  2.6
Stealth        | |  2.5
Conjurations   | |  1.1

Action                   |  1- 3 |  4- 6 || total
-------------------------+-------+-------++-------
Melee: Unarmed           |     2 |       ||     2
       Short sword       |     1 |     1 ||     2
 Cast: Sting             |    36 |     6 ||    42
       Poisonous Vapours |    30 |     2 ||    32
       Olgreb's Toxic Ra |       |     1 ||     1
  Eat: Chunk             |     4 |       ||     4
Armor: Robe              |     1 |     1 ||     2
Dodge: Dodged            |     9 |     2 ||    11
